 Dungeon Crawl Stone Soup version 0.25.0-1-g7eea58d (webtiles) character file.

Game seed: 12769830533604124077

7026 rhysdieslots the Frost Mage (level 11, -3/83 HPs)
             Began as a Merfolk Ice Elementalist on June 17, 2020.
             Was a High Priest of Sif Muna.
             Slain by a killer bee (6 damage)
             ... on level 10 of the Dungeon on June 18, 2020.
             The game lasted 00:55:47 (13660 turns).

rhysdieslots the Frost Mage (MfIE)                 Turns: 13660, Time: 00:55:48

Health: -3/83      AC:  3    Str:  9    XL:     11   Next: 8%
Magic:  2/19       EV: 13    Int: 17    God:    Sif Muna [*****.]
Gold:   597        SH:  0    Dex: 15    Spells: 1/21 levels left

rFire    . . .     SeeInvis .   o - +1 trident (flame)
rCold    + . .     Gourm    .   (no shield)
rNeg     . . .     Faith    +   s - +1 robe {rC+}
rPois    .         Spirit   .   (no helmet)
rElec    .         Reflect  .   (no cloak)
rCorr    .         Harm     .   (no gloves)
MR       .....                  (no boots)
Stlth    ++........             i - amulet of faith
HPRegen  0.23/turn              (no ring)
MPRegen  0.16/turn              (no ring)

@: frozen ramparts, hasted, very quick
A: change form in water, swift swim, stealthy swim
a: Channel Magic, Forget Spell, Divine Exegesis, Renounce Religion


You were on level 10 of the Dungeon.
You worshipped Sif Muna.
Sif Muna was extremely pleased with you.
You were not hungry.

You visited 1 branch of the dungeon, and saw 10 of its levels.

You collected 597 gold pieces.

Inventory:

Hand Weapons
 o - a +1 trident of flaming (weapon)
Armour
 s - a +1 robe of cold resistance (worn)
Jewellery
 i - an amulet of faith (around neck)
 x - an uncursed amulet of regeneration {unknown}
Wands
 a - a wand of polymorph (8)
 e - a wand of digging (3)
 r - a wand of random effects (28)
 v - a wand of clouds (2)
 w - a wand of acid (9)
Scrolls
 b - a scroll of identify
 k - 3 scrolls of enchant armour
 m - a scroll of magic mapping {unknown}
 t - a scroll of remove curse
 u - 2 scrolls of enchant weapon
Potions
 d - 5 potions of stabbing
 f - a potion of haste
 g - 4 potions of might
 h - a potion of curing
 j - 2 potions of degeneration {unknown}
 l - a potion of mutation {unknown}
 n - a potion of berserk rage
 q - a potion of flight
Comestibles
 c - 6 rations
 p - 7 chunks of flesh


   Skills:
 + Level 6.5 Fighting
 + Level 7.7 Polearms
 - Level 2.6 Dodging
 - Level 2.1 Stealth
 - Level 5.6 Spellcasting
 * Level 3.6 Conjurations
 - Level 3.6 Charms
 + Level 7.4 Summonings
 * Level 10.4 Ice Magic
 + Level 1.2 Air Magic
 + Level 1.7 Invocations
 + Level 1.4 Evocations


You had one spell level left.
You knew the following spells:

 Your Spells              Type           Power        Failure   Level  Hunger
a - Freeze                Ice            ####         1%          1    None
b - Frozen Ramparts       Ice            #####.       1%          3    ##.....
c - Ozocubu's Armour      Chrm/Ice       ####....     2%          3    ##.....
d - Summon Ice Beast      Ice/Summ       #####...     3%          4    ####...
e - Mephitic Cloud        Conj/Pois/Air  ##......     21%         3    ##.....
f - Call Imp              Summ           ####....     1%          2    #......
g - Blink                 Tloc           N/A          21%         2    #......
h - Summon Small Mammal   Summ           ####         1%          1    None
i - Apportation           Tloc           #.....       14%         1    None

Your spell library contained the following spells:

 Spells                   Type           Power        Failure   Level  Hunger
 Magic Dart               Conj           ###.         3%          1    None
 Animate Skeleton         Necr           N/A          14%         1    None
 Corona                   Hex            #......      14%         1    None
 Hailstorm                Conj/Ice       ####....     8%          4    ####...
 Static Discharge         Conj/Air       ##......     14%         3    ##.....
 Poisonous Vapours        Pois/Air       #.....       16%         2    #......
 Conjure Flame            Conj/Fire      ##......     19%         3    ##.....
 Slow                     Hex            #.......     21%         2    #......
 Airstrike                Air            #.........   63%         4    ####...
 Silence                  Hex/Air        #.........   96%         5    ######.
 Tornado                  Air            #.........   100%        9    #######


Dungeon Overview and Level Annotations

Branches:
Dungeon (10/15)            Temple (0/1) D:5
   Lair: D:8-11         Orc: D:9-12

Altars:
Cheibriados
Dithmenos
Gozag
Hepliaklqana
Kikubaaqudgha
Okawaru
Sif Muna
Vehumet
Xom
Yredelemnul
Zin
The Shining One

Shops:
D:9 (


Message History

Okay, then.
Casting: Blink (safe; 21% risk of failure)
Confirm with . or Enter, or press ? or * to list all spells.
Aiming: Mephitic Cloud (dangerous; 21% risk of failure)
Press: ? - help, Shift-Dir - straight line, f - killer bee
Aim: a killer bee
Okay, then.
Casting: Mephitic Cloud (dangerous; 21% risk of failure)
Confirm with . or Enter, or press ? or * to list all spells.
You blink.
The killer bee stings you.
* * * LOW HITPOINT WARNING * * *
Found two stone staircases leading down.
Casting: Blink (safe; 21% risk of failure)
Confirm with . or Enter, or press ? or * to list all spells.
The walls around you are covered in ice.
The wall freezes something.
Something hits you!
* * * LOW HITPOINT WARNING * * *
Deactivating autopickup; reactivate with Ctrl-A.
The wall freezes the killer bee. x2; The killer bee stings you.
You die...

.. .. #. #.
#. #
#.####.#.##.
#.yy§.......
#.@###<#.##(
#..........#
#.####>.##..#
...# .# #...#
.. #>..# ##
##..# #..#


You could see 2 killer bees.

Vanquished Creatures
  A hornet (D:8)
  3 hippogriffs
  Eustachio (D:4)
  7 wargs (D:8)
  A water moccasin (D:8)
  8 orc warriors
  An ice beast (D:7)
  A black bear (D:6)
  2 ogres
  A centaur (D:7)
  A bullfrog (D:6)
  2 big kobolds (D:7)
  2 scorpions
  Dowan (D:6)
  A bullfrog zombie (D:6)
  3 crimson imps
  7 jellies (D:7)
  2 quasits
  2 orc priests
  5 hounds
  2 iguanas
  Terence (D:3)
  4 orc wizards
  2 worker ants
  20 gnolls
  12 adders
  4 oozes
  An adder zombie (D:4)
  A worm (D:2)
  A dart slug (D:2)
  7 leopard geckos
  45 orcs
  2 ball pythons (D:1)
  9 bats
  10 giant cockroaches
  12 hobgoblins
  9 jackals
  7 quokkas
  12 frilled lizards
  13 goblins
  13 kobolds
  A leopard gecko skeleton (D:7)
  A quokka zombie (D:5)
  13 rats
254 creatures vanquished.

Vanquished Creatures (collateral kills)
  An orc warlord (D:8)
  A slime creature (D:7)
  2 hippogriffs (D:8)
  A hungry ghost (D:8)
  7 wargs (D:8)
  Edmund (D:6)
  Duvessa (D:6)
  A sky beast (D:6)
  2 orc warriors
  A phantom (D:6)
  A centaur (D:6)
  3 jellies
  2 orc priests (D:8)
  2 centaur skeletons
  5 gnolls
  10 orcs
  A quokka zombie (D:7)
42 creatures vanquished.

Vanquished Creatures (others)
  A human (D:3)
  An orc wizard (D:6)
  3 orcs (D:6)
  A fungus (D:7)
  A plant (D:8)
  7 toadstools (D:7)
14 creatures vanquished.

Grand Total: 310 creatures vanquished

Notes
Turn   | Place    | Note
-------+----------+-------------------------------------------
     0 | D:1      | rhysdieslots the Merfolk Ice Elementalist began the quest
                  | for the Orb.
     0 | D:1      | Reached XP level 1. HP: 13/13 MP: 3/3
   315 | D:1      | Reached XP level 2. HP: 18/20 MP: 5/5
   770 | D:1      | Reached skill level 1 in Fighting
   859 | D:1      | Reached XP level 3. HP: 26/26 MP: 6/6
   961 | D:1      | Reached skill level 5 in Ice Magic
  1094 | D:1      | Learned a level 3 spell: Frozen Ramparts
  1584 | D:2      | Reached XP level 4. HP: 18/33 MP: 3/7
  1895 | D:2      | Learned a level 3 spell: Ozocubu's Armour
  2105 | D:2      | Found a basalt altar of Yredelemnul.
  2170 | D:2      | Found an iron altar of Okawaru.
  2264 | D:2      | Reached XP level 5. HP: 31/38 MP: 9/9
  2399 | D:2      | Found a shadowy altar of Dithmenos.
  2401 | D:2      | Found a shimmering blue altar of Sif Muna.
  2417 | D:2      | Became a worshipper of Sif Muna the Loreminder
  2420 | D:2      | Found a hazy altar of Hepliaklqana.
  2421 | D:2      | Found a glowing silver altar of Zin.
  2421 | D:2      | Found a snail-covered altar of Cheibriados.
  2737 | D:3      | Noticed Terence
  2741 | D:3      | Killed Terence
  2803 | D:3      | Reached skill level 1 in Charms
  2852 | D:3      | Reached skill level 1 in Polearms
  2887 | D:3      | Found an ancient bone altar of Kikubaaqudgha.
  2888 | D:3      | Noticed a human
  2889 | D:3      | Killed a human
  3116 | D:3      | Reached * piety under Sif Muna
  3116 | D:3      | Reached skill level 6 in Ice Magic
  3422 | D:3      | Reached XP level 6. HP: 43/46 MP: 6/10
  3460 | D:3      | Found a shimmering altar of Xom.
  3782 | D:4      | Reached ** piety under Sif Muna
  3811 | D:4      | Learned a level 4 spell: Summon Ice Beast
  4093 | D:4      | Reached skill level 1 in Summonings
  4126 | D:4      | Reached XP level 7. HP: 33/52 MP: 5/11
  4411 | D:4      | Noticed Eustachio
  4421 | D:5      | Entered Level 5 of the Dungeon
  4488 | D:5      | Found a staircase to the Ecumenical Temple.
  5480 | D:5      | Reached skill level 7 in Ice Magic
  5530 | D:5      | Found an opulent altar of Gozag.
  5705 | D:4      | Killed Eustachio
  5705 | D:4      | Reached XP level 8. HP: 57/60 MP: 5/13
  6032 | D:4      | Found a radiant altar of Vehumet.
  6167 | D:6      | Reached *** piety under Sif Muna
  7330 | D:6      | Noticed Edmund
  7334 | D:6      | Killed Edmund
  7334 | D:6      | Reached skill level 8 in Ice Magic
  7528 | D:6      | Learned a level 3 spell: Mephitic Cloud
  7535 | D:6      | Noticed Duvessa
  7535 | D:6      | Noticed Dowan
  7544 | D:6      | Killed Dowan
  7544 | D:6      | Killed Duvessa
  7544 | D:6      | Reached XP level 9. HP: 66/66 MP: 5/15
  7677 | D:6      | Reached skill level 5 in Polearms
  8479 | D:7      | Reached skill level 1 in Conjurations
  8897 | D:7      | Reached skill level 5 in Summonings
  9060 | D:7      | Found a glowing golden altar of the Shining One.
  9238 | D:7      | Reached **** piety under Sif Muna
  9392 | D:7      | Reached skill level 5 in Fighting
  9710 | D:7      | Reached skill level 9 in Ice Magic
 10093 | D:8      | Noticed a hornet
 10125 | D:8      | Paralysed by a hornet for 1 turns
 10131 | D:8      | Killed a hornet
 10133 | D:8      | Reached skill level 5 in Spellcasting
 10291 | D:8      | Reached XP level 10. HP: 34/74 MP: 6/17
 11431 | D:8      | Reached ***** piety under Sif Muna
 11784 | D:8      | Identified Sif Muna's Reference Book on Congealing Air (Sif
                  | Muna gifted it to you on level 8 of the Dungeon)
 11784 | D:8      | Received a gift from Sif Muna
 11801 | D:8      | Learned a level 2 spell: Call Imp
 11804 | D:8      | Learned a level 2 spell: Blink
 11953 | D:8      | Reached skill level 10 in Ice Magic
 12497 | D:8      | Learned a level 1 spell: Summon Small Mammal
 12506 | D:8      | Learned a level 1 spell: Apportation
 12601 | D:8      | Noticed an orc warlord
 12717 | D:8      | Killed an orc warlord
 12717 | D:8      | Reached skill level 1 in Air Magic
 12717 | D:8      | Reached skill level 1 in Invocations
 12717 | D:8      | Reached skill level 1 in Evocations
 12717 | D:8      | Reached XP level 11. HP: 11/83 MP: 8/19
 13584 | D:9      | Found Yseixtit's Antique Weapon Shoppe.
 13657 | D:10     | Entered Level 10 of the Dungeon
 13660 | D:10     | HP: 3/83 [something (10)]
 13660 | D:10     | Slain by a killer bee

Illustrated notes

Levels and vault maps discovered:
D:1:      matt_arrival_los_fun, layout_basic
D:2:      layout_rooms, okawaru_ov_weapons_minmay,
          nicolae_overflow_crystal_walls, minitemple, minmay_worlds_worst_comb
D:3:      layout_loops_ring, lemuel_crystal_altar, first_ration,
          tgw_kikubaaqudgha, uniq_terence
D:4:      layout_rooms, kennysheep_mini, st_stairs_13, uniq_eustachio
D:5:      layout_basic, overflow_temple_1_default, minmay_temple_entry_slanted
D:6:      layout_basic, kennysheep_decorative_pillar, minmay_misc_feat_iff,
          lemuel_flame_loot_1, uniq_edmund, uniq_duvessa
D:7:      cheibrodos_fertilizer, layout_loops_corners, kennysheep_mini_moat,
          minivault_22
D:8:      lemuel_castle_with_subvaults [lemuel_castle_interior_carwin_1],
          layout_basic
D:9:      layout_big_octagon, fedhas_altar_fruit_tree, marbit_many_paths,
          serial_shops, nicolae_shop_waterfront, serial_gnoll_camp,
          gnoll_camp_mini_shop, gnoll_camp_mini_hut, gnoll_camp_mini_hut,
          gnoll_camp_mini_house, uniq_maggie
D:10:     layout_loops_ring, grunt_lair_entry_orc_guard_hut, david_nohive_1,
          kennysheep_dice

Skill      XL: |  1  2  3  4  5  6  7  8  9 10 |
---------------+-------------------------------+-----
Fighting       | 1 2 3 4 5 6 |  6.5
Ice Magic      | 5 6 7 8 9 10 | 10.4
Charms         | 1 2 3 |  3.6
Polearms       | 1 2 3 4 6 7 |  7.7
Spellcasting   | 3 4 5 |  5.6
Summonings     | 1 2 4 6 7 |  7.4
Conjurations   | 2 3 |  3.6
Air Magic      | 1 |  1.2
Invocations    | 1 |  1.7
Evocations     | 1 |  1.4
Dodging        | |  2.6
Stealth        | |  2.1

Action                   |  1- 3 |  4- 6 |  7- 9 | 10-12 || total
-------------------------+-------+-------+-------+-------++-------
Melee: Whip              |    67 |    11 |       |       ||    78
       Unarmed           |     3 |       |       |       ||     3
       Spear             |       |   213 |    70 |       ||   283
       Trident           |       |       |   150 |   165 ||   315
       Tailslap          |       |       |       |     2 ||     2
 Cast: Freeze            |    25 |     3 |    25 |    27 ||    80
       Frozen Ramparts   |     1 |    18 |    26 |    18 ||    63
       Ozocubu's Armour  |       |     1 |     4 |       ||     5
       Summon Ice Beast  |       |       |    21 |    21 ||    42
       Mephitic Cloud    |       |       |       |     8 ||     8
       Summon Small Mamm |       |       |       |     8 ||     8
       Blink             |       |       |       |     7 ||     7
       Call Imp          |       |       |       |     4 ||     4
Evoke: Wand              |       |     1 |     6 |     5 ||    12
  Use: Scroll            |       |     9 |    10 |     2 ||    21
       Potion            |       |       |       |     4 ||     4
 Stab: Sleeping          |     7 |    15 |     4 |     1 ||    27
       Distracted        |       |       |     1 |     5 ||     6
       Confused          |       |       |       |     3 ||     3
  Eat: Chunk             |     2 |    11 |    10 |     6 ||    29
       Ration            |       |       |     5 |     3 ||     8
Armor: Robe              |    14 |    24 |    36 |    18 ||    92
Dodge: Dodged            |    48 |   140 |   148 |    99 ||   435
